 Dungeon Crawl Stone Soup version 0.26.0-10-g1f06aea511 (webtiles) character file.

Game seed: 17331964836008349911

16700 Amaterasu the Cleaver (level 12, 0/114 HPs)
             Began as a Gargoyle Fighter on Jan 30, 2021.
             Was an Initiate of Gozag.
             Slain by a cane toad (16 damage)
             ... on level 3 of the Lair of Beasts.
             The game lasted 00:17:07 (13489 turns).

Amaterasu the Cleaver (Gargoyle Fighter)           Turns: 13489, Time: 00:17:08

Health: 0/114      AC:  6    Str: 24    XL:     12   Next: 40%
Magic:  0/12       EV:  2    Int: 10    God:    Gozag
Gold:   3110       SH: 14    Dex:  9    Spells: 11/11 levels left

rFire    . . .     SeeInvis .   A - +2 broad axe (flame)
rCold    . . .     Faith    .   g - +3 kite shield
rNeg     + + +     Spirit   +   (armour currently unavailable)
rPois    ∞         Reflect  .   (helmet currently unavailable)
rElec    .         Harm     .   (cloak currently unavailable)
rCorr    +         Rampage  .   (gloves currently unavailable)
Will     .....     NoTele   +   (boots currently unavailable)
Stlth    +.........             e - amulet of guardian spirit
HPRegen  0.29/turn              z - ring of resist corrosion
MPRegen  0.13/turn              D - +4 ring of evasion

@: tree-form, corroded
A: negative energy resistance 1, petrification resistance, miasma immunity, AC
+8
a: Renounce Religion, Potion Petition, Call Merchant, Bribe Branch


You were on level 3 of the Lair of Beasts.
You worshipped Gozag.
Gozag was most pleased with you.
You were a tree.
You visited 2 branches of the dungeon, and saw 14 of its levels.
You also visited: Ossuary.

You collected 3263 gold pieces.
You spent 112 gold pieces at shops.
You paid 41 gold pieces to Gozag.

Inventory:

Hand Weapons
 x - a +0 morningstar
 A - a +2 broad axe of flaming (weapon)
Missiles
 b - 8 javelins (quivered)
Armour
 g - a +3 kite shield (worn)
 j - a +2 helmet of see invisible (melded)
 r - the +2 scale mail "Opanop" (melded) {Slay+4}
   (You found it on level 4 of the Dungeon)

   It affects your accuracy and damage with ranged weapons and melee attacks
   (+4).
 E - a +0 pair of gloves (melded)
 K - a +0 pair of boots (melded)
Jewellery
 e - an amulet of guardian spirit (around neck)
 w - an uncursed ring of fire
 z - a ring of resist corrosion (left branch)
 D - a +4 ring of evasion (right branch)
 J - an uncursed ring of ice
 N - a +6 ring of intelligence {unknown}
 Q - an uncursed ring of stealth
Wands
 a - a wand of disintegration (11)
 q - a wand of flame (54)
 y - a wand of random effects (28)
 G - a wand of enslavement (12)
 H - a wand of acid (25)
 M - a wand of polymorph (7)
 O - a wand of iceblast (13)
Scrolls
 c - 8 scrolls of remove curse
 f - 5 scrolls of enchant weapon
 n - 11 scrolls of teleportation
 s - a scroll of enchant armour
 v - 2 scrolls of fear
 C - a scroll of blinking
 I - 2 scrolls of magic mapping
Potions
 d - a potion of might
 h - 3 potions of flight
 i - 12 potions of curing
 k - 4 potions of attraction
 l - 3 potions of lignification
 m - 4 potions of brilliance
 o - 2 potions of heal wounds
 t - 2 potions of berserk rage
 u - a potion of degeneration {unknown}
 B - a potion of mutation
 F - a potion of magic {unknown}
 L - a potion of cancellation {unknown}
Miscellaneous
 P - a phial of floods


   Skills:
 * Level 9.4 Fighting
 * Level 10.4(11.4) Axes
 - Level 9.0(11.3) Maces & Flails
 * Level 7.3 Armour
 * Level 7.4 Shields
 * Level 7.1 Evocations


You had 11 spell levels left.
You didn't know any spells.
Your spell library contained the following spells:

 Spells                   Type           Power        Failure   Level
 Animate Skeleton         Necr           0%           69%         1
 Apportation              Tloc           0%           69%         1
 Corona                   Hex            0%           69%         1
 Foxfire                  Conj/Fire      0%           69%         1
 Magic Dart               Conj           0%           69%         1
 Summon Small Mammal      Summ           0%           69%         1
 Searing Ray              Conj           0%           83%         2
 Conjure Flame            Conj/Fire      0%           96%         3
 Dazzling Flash           Conj/Hex       0%           96%         3
 Inner Flame              Hex/Fire       0%           96%         3
 Summon Guardian Golem    Hex/Summ       0%           96%         3
 Fulminant Prism          Conj/Hex       0%           100%        4
 Iskenderun's Mystic Bla  Conj/Tloc      0%           100%        4
 Sticky Flame             Conj/Fire      0%           100%        4
 Fireball                 Conj/Fire      0%           100%        5
 Spellforged Servitor     Conj/Summ      0%           100%        7
 Dragon's Call            Summ           0%           100%        9


Dungeon Overview and Level Annotations

Branches:
Dungeon (10/15)            Temple (0/1) D:4            Lair (4/6) D:8
 Shoals (0/4) Lair:2       Spider (0/4) Lair:2          Orc (0/2) D:10
Ossuary (visited)

Altars:
Elyvilon
Fedhas
Gozag
Hepliaklqana
Kikubaaqudgha
Makhleb
Okawaru
Ru
Trog
Vehumet
Wu Jian
Zin
The Shining One

Shops:
D:6 !   D:7 *

Annotations:
D:3 1 runed translucent door
D:7 exclusion: oklob plant
Lair:1 exclusion: oklob plant


Innate Abilities, Weirdness & Mutations

You are resistant to torment.
((Your stone body is resilient. (AC +8)))
You are immune to poison.
You resist negative energy. (rN+)
((You are resistant to electric shocks. (rElec)))
((You can survive without breathing.))
You are immune to petrification.
You are immune to miasma.


Message History

Really quaff the potion of lignification?
You turn into a tree.
Your +2 helmet of see invisible melds into your body.
Your +0 pair of gloves melds into your body.
Your +0 pair of boots melds into your body.
The +2 scale mail "Opanop" {Slay+4} melds into your body.
You feel less perceptive.
Your roots penetrate the ground.
You block the bullfrog's attack. The cane toad stings you!
* * * LOW HITPOINT WARNING * * *
You block the bullfrog's attack.
You hit the cane toad but do no damage. You closely miss the bullfrog.
You block the bullfrog's attack. You block the cane toad's attack.
You hit the cane toad. You burn the cane toad.
The cane toad is lightly wounded.
You barely miss the bullfrog. You block the bullfrog's attack.
You block the cane toad's attack. The bullfrog hits you.
* * * LOW HITPOINT WARNING * * *
The cane toad stings you!!
You die...
Your body crumbles into a pile of gold.

##.............###..#.###
#.<..........###........
##............###........
#......#..#.#.P##.......[
##..........#..#.........
#............##.........
#...#......#............
#...#......P............
#...#..♣F...............
##...#..F......P.........
#.........(.#..##........
##...+.........##........
#...#.........##........
##...##........##........
#..............##........
#....#PP#......##........
##.......................


You could see a cane toad and a bullfrog.

Vanquished Creatures
  Harold (Lair:2)
  A hydra (Lair:1)
  Fannar (Lair:2)
  A two-headed ogre (D:10)
  Sonja (Lair:2)
  Joseph (D:9)
  A merfolk siren (Lair:2)
  2 black mambas (Lair:1)
  Maggie (D:7)
  4 cane toads
  A komodo dragon (Lair:2)
  A hornet (D:8)
  A wyvern (Lair:3)
  16 yaks
  3 soldier ants (Lair:4)
  2 hell hounds (Lair:1)
  8 water moccasins
  2 black bears
  2 orc warriors (D:10)
  4 ogres
  4 phantoms
  3 ice beasts
  9 wolves
  The ghost of StoneSoupSpirit the Chopper, an amateur DsCK of Xom (D:3)
  2 necrophages
  2 elf zombies (Ossuary)
  2 big kobolds
  A gnoll sergeant (D:9)
  17 bullfrogs
  4 killer bees (D:9)
  3 howler monkeys
  9 wights (D:6)
  3 centaur zombies
  A bullfrog zombie (D:9)
  2 quasits (D:9)
  6 hounds
  6 orc priests
  2 jellies
  7 orc wizards
  Jessica (D:3)
  2 iguanas
  5 hell rats (Lair:3)
  18 worker ants
  2 big kobold zombies (Ossuary)
  A hound zombie (D:9)
  2 mummies (Ossuary)
  3 hound skeletons
  Robin (D:3)
  A worker ant zombie (D:7)
  8 gnolls (D:9)
  A howler monkey skeleton (D:5)
  13 adders
  5 shadow imps
  3 white imps
  An adder skeleton (D:6)
  2 adder zombies (Ossuary)
  7 worms
  2 dart slugs
  10 leopard geckos
  31 orcs
  5 ball pythons
  3 bats
  9 giant cockroaches
  17 goblins
  6 hobgoblins
  23 jackals
  3 quokkas
  5 frilled lizards
  13 hobgoblin zombies (Ossuary)
  A jackal zombie (D:6)
  13 kobolds
  9 kobold zombies (Ossuary)
  A leopard gecko zombie (D:6)
  7 orc zombies (Ossuary)
  11 rats
  A rat zombie (Ossuary)
384 creatures vanquished.

Vanquished Creatures (others)
  9 fungi
  20 plants
29 creatures vanquished.

Grand Total: 413 creatures vanquished

Notes
Turn   | Place    | Note
-------+----------+-------------------------------------------
     0 | D:1      | Amaterasu the Gargoyle Fighter began the quest for the Orb.
     0 | D:1      | Reached XP level 1. HP: 14/14 MP: 1/1
   289 | D:1      | Reached XP level 2. HP: 12/20 MP: 2/2
   859 | D:1      | Reached XP level 3. HP: 24/24 MP: 3/3
  1086 | D:2      | Found an opulent altar of Gozag.
  1314 | D:2      | Became a worshipper of Gozag Ym Sagoz the Greedy
  1366 | D:2      | Reached XP level 4. HP: 29/29 MP: 4/4
  1436 | D:2      | Found a faded altar of an unknown god.
  1813 | D:2      | Reached XP level 5. HP: 32/33 MP: 5/5
  2321 | D:3      | Found a runed translucent door.
  2323 | D:3      | Noticed StoneSoupSpirit's ghost (amateur DsCK)
  2388 | D:3      | Found a runed translucent door.
  2431 | D:3      | Reached skill level 5 in Maces & Flails
  2481 | D:3      | Found a burning altar of Makhleb.
  2653 | D:3      | Found a radiant altar of Vehumet.
  2839 | D:3      | Found a sacrificial altar of Ru.
  2840 | D:3      | Noticed Jessica
  2845 | D:3      | Killed Jessica
  2852 | D:3      | Noticed Robin
  2870 | D:3      | Killed Robin
  2904 | D:3      | Reached XP level 6. HP: 38/38 MP: 6/6
  3090 | D:3      | Killed StoneSoupSpirit's ghost
  3327 | D:4      | Found a blossoming altar of Fedhas.
  3329 | D:4      | Found an ancient bone altar of Kikubaaqudgha.
  3367 | D:4      | Found a hazy altar of Hepliaklqana.
  3409 | D:4      | Found a staircase to the Ecumenical Temple.
  3415 | D:4      | Reached XP level 7. HP: 44/44 MP: 7/7
  3482 | D:4      | Got a heavily runed ring mail
  3493 | D:4      | Identified the +2 ring mail of Nicic {rC++ MP+9} (You found
                  | it on level 4 of the Dungeon)
  3583 | D:4      | Got a dazzling scale mail
  3594 | D:4      | Identified the +2 scale mail "Opanop" {Slay+4} (You found
                  | it on level 4 of the Dungeon)
  4065 | D:5      | Entered Level 5 of the Dungeon
  4117 | D:5      | Found a sand-covered staircase.
  4126 | Ossuary  | Entered an ossuary
  4274 | Ossuary  | Reached skill level 5 in Fighting
  4284 | Ossuary  | Reached skill level 5 in Shields
  4284 | Ossuary  | Reached XP level 8. HP: 28/49 MP: 8/8
  4325 | Ossuary  | Reached skill level 5 in Armour
  5348 | D:6      | Reached skill level 1 in Evocations
  5521 | D:6      | Found an iron altar of Okawaru.
  5544 | D:6      | Found a bloodstained altar of Trog.
  5609 | D:6      | Reached XP level 9. HP: 54/54 MP: 9/9
  5818 | D:6      | Found Veopluiz's Distillery.
  5840 | D:6      | Found an ornate altar of the Wu Jian Council.
  6046 | D:7      | Noticed Maggie
  6117 | D:7      | Killed Maggie
  6413 | D:7      | Found Cyosatut's Assorted Antiques.
  6427 | D:7      | Bought a scroll of identify for 32 gold pieces
  6427 | D:7      | Bought a knobbly copper ring for 80 gold pieces
  6874 | D:7      | Found a blossoming altar of Fedhas.
  6895 | D:7      | Noticed an oklob plant
  7100 | D:8      | Found a staircase to the Lair.
  7217 | D:8      | Found a glowing silver altar of Zin.
  7242 | D:8      | Noticed a hornet
  7265 | D:8      | Killed a hornet
  7266 | D:8      | Reached skill level 1 in Axes
  7411 | D:8      | Reached XP level 10. HP: 59/63 MP: 10/10
  7627 | D:8      | Found a glowing golden altar of the Shining One.
  7947 | D:9      | Reached skill level 2 in Axes
  8144 | D:9      | Reached skill level 3 in Axes
  8317 | D:9      | Noticed Joseph
  8331 | D:9      | Killed Joseph
  8332 | D:9      | Reached skill level 4 in Axes
  8453 | D:9      | Reached skill level 5 in Axes
  8557 | D:9      | Found a white marble altar of Elyvilon.
  8597 | D:10     | Entered Level 10 of the Dungeon
  8649 | D:10     | Found a staircase to the Orcish Mines.
  8669 | D:10     | Reached skill level 6 in Axes
  8936 | D:10     | Noticed a two-headed ogre
  8945 | D:10     | Killed a two-headed ogre
  8946 | D:10     | Reached skill level 7 in Axes
  9317 | Lair:1   | Entered Level 1 of the Lair of Beasts
  9412 | Lair:1   | Noticed a cane toad
  9422 | Lair:1   | Killed a cane toad
  9454 | Lair:1   | Reached XP level 11. HP: 67/67 MP: 11/11
  9485 | Lair:1   | Reached skill level 8 in Axes
  9702 | Lair:1   | Reached skill level 9 in Axes
 10091 | Lair:1   | Noticed an eight-headed hydra
 10102 | Lair:1   | Killed a two-headed hydra
 10325 | Lair:1   | Noticed an oklob plant
 11234 | Lair:2   | Noticed Fannar
 11267 | Lair:2   | Killed Fannar
 11268 | Lair:2   | Reached skill level 5 in Evocations
 11985 | Lair:2   | Noticed Sonja
 12005 | Lair:2   | Killed Sonja
 12006 | Lair:2   | Reached XP level 12. HP: 72/76 MP: 9/12
 12104 | Lair:2   | Found a hole to the Spider Nest.
 12166 | Lair:2   | Identified Affisyve's Collected Works on the Fiery Escort
 12180 | Lair:2   | Noticed Harold
 12196 | Lair:2   | Killed Harold
 12238 | Lair:2   | Found a staircase to the Shoals.
 12578 | Lair:3   | Reached skill level 10 in Axes
 13454 | Lair:4   | Noticed an entropy weaver
 13455 | Lair:4   | Noticed a queen ant
 13461 | Lair:4   | Noticed an entropy weaver
 13489 | Lair:3   | Slain by a cane toad

Illustrated notes

Levels and vault maps discovered:
D:1:      amcnicky_arrival_underground_garden, layout_basic
D:2:      minmay_razor_zed, layout_basic, old_standard_altar,
          chequers_ecumenical_altar_simple
D:3:      layout_loops_cross, marbit_many_paths, lemuel_round_altar,
          hangedman_ru_absence, ebering_ghost_sewer_f, uniq_jessica, uniq_robin
D:4:      layout_basic, grunt_temple_overflow_growth_and_decay,
          lemuel_doored_altar, temple_statues, minmay_door_square
D:5:      layout_basic, nicolae_ossuary_entry_ruins,
          hangedman_decor_clover_reticule
D:6:      layout_loops_ring, overflow_temple_1_default,
          nzn_wu_jian_council_hall, lemuel_crystal_altar, serial_shops, shop
D:7:      layout_cave_pools, serial_shops, shop_statue, tgw_fedhas, uniq_maggie
D:8:      layout_basic, nicolae_tso_carved_into_rock, old_standard_altar
D:9:      layout_rooms, kennysheep_mini, uniq_joseph
D:10:     layout_long_grid, erik_orc_4
Lair:1:   cheibrodos_lair_river_kwai, layout_cave_pods, enter_volcano_3,
          minmay_lair_oklob_chamber
Lair:2:   layout_cave_pods, minmay_shoals_entry_lonely_mermaid,
          dummy_spider_entry, uniq_sonja, uniq_harold, uniq_fannar
Lair:3:   layout_chaotic_city, minivault_23
Lair:4:   layout_regular_city, basic_altar, zaba_anthell

Skill      XL: |  1  2  3  4  5  6  7  8  9 10 11 12 |
---------------+-------------------------------------+-----
Fighting       | 4 5 7 9 |  9.4
Maces & Flails | 3 4 5 6 7 8 9 |  9.0
Shields        | 4 5 6 7 |  7.4
Armour         | 4 5 6 7 |  7.3
Evocations     | 1 3 4 6 7 |  7.1
Axes           | 1 7 9 10 | 10.4

Action                   |  1- 3 |  4- 6 |  7- 9 | 10-12 || total
-------------------------+-------+-------+-------+-------++-------
Melee: Flail             |   119 |   257 |   244 |       ||   620
       Morningstar       |       |       |   147 |       ||   147
       Broad axe         |       |       |    46 |   443 ||   489
  Use: Scroll            |     2 |     8 |     7 |    13 ||    30
       Potion            |       |     1 |       |     2 ||     3
 Stab: Distracted        |       |       |       |     2 ||     2
Armor: Scale mail        |    65 |   115 |   244 |   323 ||   747
Dodge: Dodged            |    56 |    68 |   156 |   220 ||   500
Block: Kite shield       |    94 |   130 |   379 |   403 ||  1006
